 Dungeon Crawl Stone Soup version 0.30-a0-651-g0755cc6dcf (webtiles) character file.

Game seed: 7179492707251716658

133 Citaku the Covered (level 4, 0/41 HPs)
             Began as a Minotaur Fighter on Jan 17, 2023.
             Slain by an orc wizard
             ... wielding a +1 dagger of venom
              (1 damage)
             ... on level 3 of the Dungeon.
             The game lasted 00:03:06 (1700 turns).

Citaku the Covered (Minotaur Fighter)               Turns: 1700, Time: 00:03:07

Health: 0/41       AC:  8    Str: 21 (23) XL:     4   Next: 93%
Magic:  3/3        EV:  9    Int:  4 (5)  God:
Gold:   112        SH:  4    Dex:  6 (9)  Spells: 3/3 levels left

rFire   . . .      SeeInvis .    a - +0 war axe
rCold   . . .      Faith    .    c - +0 buckler
rNeg    . . .      Spirit   .    b - +0 scale mail
rPois   .          Reflect  .    (helmet restricted)
rElec   .          Harm     .    k - +0 cloak
rCorr   .          Rampage  .    (no gloves)
Will    .....                    (no boots) Stlth
                                 (no amulet)
HPRegen 0.26/turn                p - ring of flight
MPRegen 0.08/turn                (no ring)

@: lethally poisoned (0 -> -17), attractive, flying, hasted, very quick
A: horns 2, retaliatory headbutt
a: no special abilities


You were on level 3 of the Dungeon.
You visited 1 branch of the dungeon, and saw 3 of its levels.

You collected 112 gold pieces.

Inventory:

Hand Weapons
 a - a +0 war axe (weapon)
Armour
 b - a +0 scale mail (worn)
 c - a +0 buckler (worn)
 k - a +0 cloak (worn)
Jewellery
 p - a ring of flight (left hand)
Scrolls
 e - 2 scrolls of poison {unknown}
 h - a scroll of torment {unknown}
 i - 2 scrolls of enchant armour {unknown}
 j - a scroll of amnesia {unknown}
 m - 2 scrolls of identify {unknown}
 n - a scroll of magic mapping {unknown}
 o - a scroll of fear {unknown}
 r - a scroll of teleportation {unknown}
Potions
 d - 2 potions of might
 f - 2 potions of attraction
 g - a potion of haste
 q - a potion of heal wounds {unknown}


   Skills:
 + Level 4.3 Fighting
 * Level 4.1 Axes
 * Level 4.8 Armour
 + Level 4.3 Shields


You had 3 spell levels left.
You didn't know any spells.
Your spell library was empty.

Dungeon Overview and Level Annotations

Branches:
Dungeon (3/15)

Altars:
The Shining One

Shops:
D:2 =


Innate Abilities, Weirdness & Mutations

You have a pair of horns on your head.
You reflexively headbutt those who attack you in melee.


Message History

You closely miss something. Your headbutt misses something.
You feel very sick. Something hits you but does no damage.
You are more poisoned.
You closely miss something.
You feel very sick. Something hits you but does no damage.
You are lethally poisoned!
You are too injured to fight recklessly!
You are too injured to fight recklessly!
You are too injured to fight recklessly!
You are too injured to fight recklessly!
You are too injured to fight recklessly!
You are too injured to fight recklessly!
You are too injured to fight recklessly!
You are too injured to fight recklessly!
You are too injured to fight recklessly!
You are too injured to fight recklessly!
You are too injured to fight recklessly!
You are too injured to fight recklessly!
You are too injured to fight recklessly!
You are too injured to fight recklessly!
It was a potion of attraction.
You feel attractive to monsters.
* * * LOW HITPOINT WARNING * * *
You feel very sick. Something hits you.
* * * LOW HITPOINT WARNING * * *
You are more poisoned.
It was a potion of haste.
You feel yourself speed up.
* * * LOW HITPOINT WARNING * * *
You feel very sick. Something hits you but does no damage.
It was a potion of degeneration.
There was something very wrong with that liquid.
You feel weakened.
You feel dopey.
You feel clumsy.
* * * LOW HITPOINT WARNING * * *
You feel very sick. Something hits you.
You die...

....# ....# ....#######.
# ..#......... .#
#.#.#######.# #.# #.#.#
#.###.# .
#.#.#########...# ...
#..............####....♣
############....@{{...♣
#.#.###o..♣.♣ #..#.#
.♣.♣ #.###.. .♣ ##. ##.
.♣ # . .♣ .


You could see an orc.

Vanquished Creatures
  An orc priest (D:3)
  4 adders
  2 dart slugs
  An orc (D:3)
  8 endoplasms
  A giant cockroach (D:1)
  7 goblins
  3 hobgoblins
  5 jackals (D:2)
  3 quokkas
  4 ball pythons
  6 bats
  7 frilled lizards
  3 kobolds
  5 rats
60 creatures vanquished.

Vanquished Creatures (others)
  4 fungi (D:3)
  7 plants (D:3)
11 creatures vanquished.

Grand Total: 71 creatures vanquished

Notes
Turn   | Place    | Note
-------+----------+-------------------------------------------
     0 | D:1      | Citaku the Minotaur Fighter began the quest for the Orb.
     0 | D:1      | Reached XP level 1. HP: 19/19 MP: 0/0
    98 | D:1      | Reached XP level 2. HP: 27/27 MP: 1/1
   704 | D:2      | Found a faded altar of an unknown god.
   710 | D:2      | Reached XP level 3. HP: 33/33 MP: 2/2
  1139 | D:2      | Found Ysallism's Jewellery Emporium.
  1220 | D:2      | Reached XP level 4. HP: 40/40 MP: 3/3
  1429 | D:3      | Found a glowing golden altar of the Shining One.
  1700 | D:3      | HP: 1/41 [poisoned by an orc wizard]
  1700 | D:3      | Slain by an orc wizard

Illustrated notes

Levels and vault maps discovered:
D:1:      eino_arrival_druids_welcome, layout_loops_ring
D:2:      layout_loops_ring, serial_shops,
          nicolae_shop_temple_entry_statues_fountains,
          dreamdust_ecumenical_altar_statues, minivault_26
D:3:      layout_loops_ring, nicolae_ru_the_path_less_chosen,
          mainiacjoe_overflow_concentric_impassable, okawaru_trees_2,
          marbit_many_paths

Skill      XL: |  1  2  3  4 |
---------------+-------------+-----
Axes           | 3 4 |  4.1
Armour         | 4 |  4.8
Shields        | 4 |  4.3
Fighting       | 4 |  4.3

Action                   |  1- 3 |  4- 6 || total
-------------------------+-------+-------++-------
Melee: War axe           |    91 |    45 ||   136
       Headbutt          |    10 |     5 ||    15
  Use: Potion            |       |     3 ||     3
Armor: Scale mail        |    33 |    17 ||    50
Dodge: Dodged            |    47 |    24 ||    71
Block: Buckler           |    16 |    12 ||    28

Table legend: (Time is in decaauts)
 A = Elapsed time spent in this place.
 B = Non-inter-level travel time spent in this place.
 C = Inter-level travel time spent in this place.
 D = Time resting spent in this place.
 E = Time spent auto-exploring this place.
 F = Levels seen in this place.
 G = Mean time per level.
                   A        B        C        D        E       F      G
               +--------+--------+--------+--------+--------+-----+--------+
         Total |   1751 |   1710 |     41 |      0 |   1324 |   3 |  583.7 |
       Dungeon |   1751 |   1710 |     41 |      0 |   1324 |   3 |  583.7 |
               +--------+--------+--------+--------+--------+-----+--------+

Top non-repeatable levels by time:
     D:2: 717 daAuts
     D:1: 652 daAuts
     D:3: 380 daAuts
